 Dungeon Crawl Stone Soup version 0.23.2-33-g5129a83184 (webtiles) character file.

Game seed: 10211767691416527972

203 kae the Spear-Bearer (level 5, -2/38 HPs)
             Began as a Merfolk Gladiator on July 26, 2019.
             Slain by a wraith (10 damage)
             ... in an ossuary.
             The game lasted 00:03:37 (3287 turns).

kae the Spear-Bearer (Merfolk Gladiator)            Turns: 3287, Time: 00:03:38

Health: -2/38      AC:  8    Str: 16    XL:     5   Next: 81%
Magic:  14/14      EV: 11    Int:  7    God:
Gold:   232        SH:  0    Dex: 15    Spells: 4/4 levels left

rFire    . . .     SeeInvis .   a - +2 trident
rCold    . . .     Gourm    .   (no shield)
rNeg     . . .     Faith    .   p - +0 scale mail
rPois    .         Spirit   .   c - +0 helmet
rElec    .         Reflect  .   l - +0 cloak
rCorr    .         Harm     .   (no gloves)
MR       .....                  (no boots)
Stlth    ..........             (no amulet)
HPRegen  0.12/turn              n - ring of magical power
MPRegen  0.14/turn              (no ring)

@: slowed, very slow
A: change form in water, swift swim, stealthy swim
a: no special abilities


You were in an ossuary.
You were hungry.

You visited 1 branch of the dungeon, and saw 4 of its levels.
You also visited: Ossuary.

You collected 232 gold pieces.

Inventory:

Hand Weapons
 a - a +2 trident (weapon)
Missiles
 d - 3 throwing nets (quivered)
Armour
 b - a +0 leather armour
 c - a +0 helmet (worn)
 l - a +0 cloak (worn)
 p - a +0 scale mail (worn)
Jewellery
 j - a cursed amulet of inaccuracy {unknown}
 n - a ring of magical power (left hand)
 s - a cursed ring of teleportation {unknown}
Wands
 o - a wand of disintegration (4)
Scrolls
 e - a scroll of immolation
 g - 3 scrolls of remove curse
 i - 3 scrolls of teleportation
 k - a scroll of amnesia
 m - a scroll of identify
 q - a scroll of fog
 w - a scroll of torment {unknown}
Potions
 h - a potion of heal wounds
 r - a potion of might
 t - a potion of flight {unknown}
 u - a potion of curing {unknown}
 v - a potion of haste
 x - a potion of mutation {unknown}
 z - a potion of magic {unknown}
Comestibles
 f - 7 rations


   Skills:
 - Level 2.1 Fighting
 + Level 9.1 Polearms
 - Level 2.0 Throwing
 - Level 4.0 Dodging


You had 4 spell levels left.
You didn't know any spells.
Your spell library contained the following spells:

 Spells                   Type           Power        Failure   Level  Hunger
 Shock                    Conj/Air       #...         87%         1    ##.....
 Swiftness                Chrm/Air       #.......     95%         2    ###....
 Static Discharge         Conj/Air       #.......     99%         3    ####...
 Airstrike                Air            #.........   100%        4    #####..
 Lightning Bolt           Conj/Air       #.........   100%        5    ######.


Dungeon Overview and Level Annotations

Branches:
Dungeon (4/15)
 Temple: D:4-7

Altars:

Annotations:
D:3 2 transporters


Message History

You are too injured to fight recklessly!
You are too injured to fight recklessly!
You hit the wraith.
The wraith is severely damaged.
The wraith misses you.
You hit the wraith.
The wraith is severely damaged.
The wraith closely misses you.
You hit the wraith but do no damage.
The wraith is severely damaged.
The wraith hits you! The wraith drains your vigour!
You feel as though you will be slow longer.
The wraith hits you!
* * * LOW HITPOINT WARNING * * *
The wraith drains your vigour!
You feel as though you will be slow longer.
You closely miss the wraith.
The wraith is severely damaged.
The wraith hits you!
You die...

#......##.... ##......#
#.....##...#####. ##.....#
#....##...##...## ##....#
#....#...##.!...# #....#
#....'...#...!.!. +....#
#....#...##.?...# #....#
#....##...##...## ##....#
#.....##...##'##.. ##.....#
#......##.@W......##......#
#.......#####+#####.......#
#.∩.....................∩.#
#.........................#
############'''############
####...#### #..'...'..#
#..#...#..# ####...####


You could see a wraith.

Vanquished Creatures
  A hound (D:4)
  A worker ant (D:4)
  A mummy (Ossuary)
  4 adders
  A shadow imp (D:2)
  A worm (D:4)
  A dart slug (D:2)
  2 leopard geckos
  An orc (D:3)
  3 ball pythons
  2 giant cockroaches
  8 goblins
  7 hobgoblins
  10 jackals
  10 kobolds
  2 quokkas
  2 bats (D:3)
  4 frilled lizards
  4 gnoll skeletons (Ossuary)
  4 kobold skeletons (Ossuary)
  17 orc skeletons (Ossuary)
  6 rats
92 creatures vanquished.

Notes
Turn   | Place    | Note
-------+----------+-------------------------------------------
     0 | D:1      | kae the Merfolk Gladiator began the quest for the Orb.
     0 | D:1      | Reached XP level 1. HP: 16/16 MP: 1/1
   292 | D:1      | Reached skill level 5 in Polearms
   643 | D:2      | Reached XP level 2. HP: 22/22 MP: 2/2
   755 | D:2      | Reached skill level 6 in Polearms
   755 | D:2      | Reached XP level 3. HP: 22/27 MP: 3/3
  1368 | D:2      | Reached XP level 4. HP: 33/33 MP: 4/4
  1402 | D:2      | Reached skill level 7 in Polearms
  1657 | D:3      | Found a transporter.
  2245 | D:3      | Found a transporter.
  2294 | D:3      | Found a faded altar of an unknown god.
  2760 | D:4      | Reached skill level 8 in Polearms
  2760 | D:4      | Reached XP level 5. HP: 34/38 MP: 5/5
  2898 | D:4      | Found a sand-covered staircase.
  2908 | Ossuary  | Entered an ossuary
  2908 | Ossuary  | Noticed a wraith
  2908 | Ossuary  | Noticed a wraith
  2908 | Ossuary  | Noticed a wraith
  3104 | Ossuary  | Reached skill level 9 in Polearms
  3270 | Ossuary  | Noticed a wraith
  3287 | Ossuary  | Slain by a wraith

Skill      XL: |  1  2  3  4  5 |
---------------+----------------+-----
Polearms       | 5 6 8 9 |  9.1
Fighting       | |  2.1
Throwing       | |  2.0
Dodging        | |  4.0

Action                   |  1- 3 |  4- 6 || total
-------------------------+-------+-------++-------
Melee: Trident           |    94 |   185 ||   279
Evoke: Wand              |       |     4 ||     4
  Use: Scroll            |       |    11 ||    11
 Stab: Sleeping          |     3 |       ||     3
  Eat: Chunk             |     1 |     6 ||     7
Armor: Leather armour    |    11 |     9 ||    20
       Scale mail        |       |    19 ||    19
Dodge: Dodged            |    39 |    77 ||   116
